← All builds
Suicide front / Armada / Factory first / OBSERVED BUILD

Standard suicide front

Bot Lab first into Rocketeer/Centurion/Pawn to contest the middle early and hold until T2 arrives, the role's baseline play.

Usually lab first (62%)

#rush · 1185 distinct matches · 125 players · 71% of Armada Suicide front games · team won 60% of 1411 · Recently observed

HOW TO PLAY IT

Key timing: Bot Lab by 0:20

  1. Open with mex and wind, drop Bot Lab immediately.
  2. Push out first "Centurion" as Pond's boost lands.
  3. Send "Rocketeer", "Centurion", "Pawn" mix to contest middle.
  4. Add Dragon's Teeth and Sentries to hold the line.
  5. Get Advanced Metal Extractor up as T2 nears.

Phase by phase

TYPICAL OF ITS 1185 GAMES
  1. 1
  2. 2
  3. 3
PLAY THE OPENING

Follow the example game's first 6:00 step by step: what to build now, what comes next, and where it goes. At 1× it keeps pace with your own game.

  1. 1

    Bot Lab first

    Order
    1. Bot LabBot Lab done ~0:20, middle half 0:20–0:33

    Some games also: mex (37%)

  2. 2

    Bot Lab to 5:00

    Economy
    • Metal Extractor5Mex
    • Wind Turbine4Wind
    Builders
    • Construction Bot3 Con bot
    • Lazarus2 Lazarus
    Army
    • Sentry4 Sentry
    • Rocketeer18 Rocketeer
    • Tick2 Tick
    • Centurion1 Centurion
    Other
    • Radar Tower1 Radar Tower

    Some games also: con turret (35%) · pawn (31%)

    By 5:00 in all: 5 mex · 5 wind

    The example game in this phase · 26 steps
    1. Wind
    2. Construction BotCon bot
    3. Mex ×2
    4. Wind
    5. Construction BotCon bot
    6. SentrySentry
    7. Wind
    8. CenturionCenturion
    9. Mex
    10. LazarusLazarus
    11. Mex ×2
    12. Construction BotCon bot
    13. SentrySentry ×2
    14. TickTick
    15. RocketeerRocketeer
    16. Radar TowerRadar Tower
    17. RocketeerRocketeer ×9
    18. TickTick
    19. LazarusLazarus
    20. Construction BotCon bot
    21. RocketeerRocketeer ×8
    22. SentrySentry ×2
    23. RocketeerRocketeer
    24. Wind
    25. RocketeerRocketeer
    26. Construction BotCon bot
  3. 3

    5:00 to 10:00

    Economy
    • Metal Extractor1Mex
    • Wind Turbine17Wind
    Builders
    • Construction Turret2 Con turret
    • Lazarus2 Lazarus
    • Construction Bot1 Con bot
    Army
    • Sentry1 Sentry
    • Rocketeer8 Rocketeer
    • Pawn1 Pawn

    Some games also: tick (48%) · Radar Tower (47%) · energy storage (46%) · centurion (45%) · Beamer (38%)

    By 10:00 in all: 6 mex · 23 wind · 1 energy storage · 3 con turret

    The example game in this phase · 129 steps
    1. RocketeerRocketeer
    2. CenturionCenturion
    3. Construction BotCon bot
    4. Wind
    5. Dragon's TeethDragon's Teeth
    6. CenturionCenturion
    7. TickTick
    8. Wind
    9. LazarusLazarus
    10. Dragon's TeethDragon's Teeth ×3
    11. Construction BotCon bot
    12. Dragon's TeethDragon's Teeth
    13. RocketeerRocketeer
    14. Dragon's TeethDragon's Teeth
    15. RocketeerRocketeer
    16. Wind
    17. RocketeerRocketeer ×2
    18. BeamerBeamer
    19. TickTick ×2
    20. RocketeerRocketeer
    21. Wind
    22. RocketeerRocketeer ×4
    23. Wind
    24. RocketeerRocketeer
    25. PawnPawn ×2
    26. Energy storage
    27. PawnPawn
    28. CenturionCenturion
    29. Wind
    30. CenturionCenturion
    31. Converter
    32. CenturionCenturion
    33. Wind
    34. PawnPawn ×2
    35. Advanced Metal ExtractorT2 mexdone 9:14 · typical 9:37
    36. LazarusLazarus
    37. PawnPawn ×2
    38. Wind
    39. PawnPawn ×2
    40. Energy storage
    41. Advanced Metal ExtractorT2 mex
    42. PawnPawn
    43. Con turret ×2
    44. PawnPawn ×2
    45. Con turret
    46. PawnPawn
    47. TickTick
    48. Advanced Metal ExtractorT2 mex
    49. LazarusLazarus
    50. Construction BotCon bot
    51. Advanced Metal ExtractorT2 mex
    52. Converter
    53. Construction BotCon bot
    54. Con turret
    55. FerretFerret
    56. LazarusLazarus
    57. Advanced Metal ExtractorT2 mex
    58. RattlesnakeRattlesnakedone 10:55
    59. ChainsawChainsaw
    60. Con turret
    61. TickTick
    62. LazarusLazarus
    63. Converter ×3
    64. Fortification WallFortification Wall ×2
    65. Converter ×2
    66. Bot LabBot Labdone 11:14
    67. Vehicle PlantVehicle Plantdone 11:35
    68. Con turret ×2
    69. Dragon's TeethDragon's Teeth ×2
    70. Converter
    71. Dragon's TeethDragon's Teeth ×2
    72. Con turret
    73. Dragon's TeethDragon's Teeth
    74. Con turret
    75. BlitzBlitz
    76. Vehicle PlantVehicle Plantnot finished by 15:00
    77. BeamerBeamer
    78. BlitzBlitz ×2
    79. Con turret
    80. Wind ×3
    81. BlitzBlitz ×2
    82. Wind ×2
    83. BlitzBlitz ×2
    84. Wind ×2
    85. BlitzBlitz
    86. Con turret
    87. Wind ×2
    88. BlitzBlitz
    89. Wind ×2
    90. StoutStout
    91. Wind ×2
    92. StoutStout
    93. Wind ×2
    94. Con turret
    95. Wind ×2
    96. StoutStout
    97. Wind ×3
    98. Converter ×4
    99. Con turret
    100. StoutStout
    101. Converter ×2
    102. StoutStout
    103. BeamerBeamer
    104. Converter
    105. Wind ×3
    106. Converter
    107. StoutStout
    108. Wind
    109. StoutStout
    110. BeamerBeamer
    111. Wind ×6
    112. StoutStout
    113. Wind
    114. Converter
    115. Wind ×5
    116. Con turret
    117. Wind
    118. Converter
    119. Wind ×6
    120. Converter
    121. Wind ×4
    122. Converter
    123. Wind ×2
    124. Converter
    125. Wind ×3
    126. Converter
    127. Wind ×10
    128. Converter
    129. Wind ×9

Counts are medians over the build's games: half of them build more, half fewer. The example game is watermeloans's (60 OS, 20/09/2026); pick another.

Team trades

IN AT LEAST 30% OF ITS GAMES

You hand over

Nothing regular.

You get

  • Tidal Generator4 Tidal from Pondfirst at 0:10 · in 69% of games
  • Advanced Construction Bot1 T2 con bot from Geo or Techfirst at 7:30 · in 58% of games

How it plays out

Typical game of this build, running totals by minute

Metal produced

010k20k30k
0:005:0010:0015:00

metal

Enemy metal destroyed

05k10k
0:005:0010:0015:00

metal

Own metal lost

05k10k
0:005:0010:0015:00

metal

1411 games.

Show as table
ByMetal produced: This buildEnemy metal destroyed: This buildOwn metal lost: This build
1:0022600
2:0088900
3:002056172106
4:003161660486
5:00423614131020
6:00543023271785
7:00666131792732
8:00791040353631
9:00929848164516
10:001068854265336
11:001224158986080
12:001402465176842
13:001604270137523
14:001796976808336
15:002029783029228
WHAT THE NUMBERS SAY

Standard suicide front play wins slightly more than half its games with fast kills but also fast losses, matching the raw grind of the role.

  • + First kill lands by 2:04 in all games
  • + Metal produced reaches 19882 by 15:00
  • − Own metal lost hits 9208 by 15:00, near metal destroyed of 8172
  • − First unit lost as early as 2:08 in every game
THE EXAMPLE YOU ARE READING

watermeloans

60.4 OS · 20/09/2026

Open source match ↗

128 received units · includes a constructor
986 metal received · 124933 energy received

Allied construction assistance is unknown. Timings are observations, not a promise of solo reproducibility.

Typical milestones

Bot Lab0:20Middle 50%: 0:20–0:33 · n=1405
Advanced Metal Extractor9:37Middle 50%: 8:41–10:48 · n=1035

Played most by

_X_252games of this buildPlatinumBlonde166games of this buildXad109games of this buildImmort62games of this buildwatermeloans58games of this build